 Dungeon Crawl Stone Soup version 0.32-a0-814-g0968bab981 (webtiles) character file.

Game seed: 13208273269005422442

1711438 Drazool the Worldbinder (level 24, 205/205 HPs)
             Began as a Mummy Summoner on Mar 19, 2024.
             Was an Initiate of Gozag.
             Escaped with the Orb
             ... and 3 runes
             ... and 1 gem on Mar 22, 2024!
             The game lasted 06:28:57 (68915 turns).

Drazool the Worldbinder (Mummy Summoner)           Turns: 68915, Time: 06:28:57

Health: 205/205    AC: 33    Str: 25    XL:     24   Next: 55%
Magic:  51/51      EV: 14    Int: 35    God:    Gozag
Gold:   1017       SH:  0    Dex: 16    Spells: 12/53 levels left

rFire   + + .        i - +7 sling of Theory {drain, rF+ Str+2 Stlth+}
rCold   + . .        (no shield)
rNeg    + + +        G - +12 swamp dragon scales of the Merchant {rPois rF+ Will+++ Int+4 Slay-4}
rPois   ∞            x - +0 hat of Divine Compulsion {+Inv Int+7 Dex-2}
rElec   +            H - +1 cloak of Baocer {rElec Will++ Str+3 Dex-2}
rCorr   .            S - +2 pair of gloves {Str+3}
SInv    .            g - +3 pair of boots of Morality {+Inv rPois MP+9}
Will    +++++        O - amulet "Xumagyh" {+Inv RegenMP+ Dex+6}
Stlth   +            d - ring of Oded {Fly rF+ Str+6}
HPRegen 0.54/turn    Z - ring of wizardry
MPRegen 0.72/turn

%: faith, wizardry (x1)
@: flying, studying Throwing, bribing [the Dungeon]
A: cold resistance 1, negative energy resistance 3, torment resistance 2, heat
vulnerability 1, in touch with death 2, no potions, faith
0: Orb of Zot
}: 3/15 runes: decaying, silver, gossamer
a: Renounce Religion, Evoke Invisibility, Potion Petition, Call Merchant, Bribe
Branch


You escaped.
You worshipped Gozag.
Gozag was most pleased with you.
You visited 10 branches of the dungeon, and saw 48 of its levels.
You visited 1 bazaar.

You collected 26675 gold pieces.
You spent 3382 gold pieces at shops.
You paid 22276 gold pieces to Gozag.


Innate Abilities, Weirdness & Mutations

You are immune to poison.
Your flesh is cold resistant. (rC+)
You are immune to negative energy. (rN+++)
You are immune to unholy pain and torment.
You are vulnerable to heat. (rF-)
You are strongly in touch with the powers of death.
You do not drink.
You have a special connection with the divine. (Faith)


   Skills:
 + Level 20.4 Fighting
 - Level 4.0 Maces & Flails
 - Level 5.0 Throwing
 - Level 12.0 Armour
 - Level 8.0 Dodging
 - Level 1.5 Stealth
 - Level 15.0 Spellcasting
 - Level 9.0 Hexes
 - Level 24.0 Summonings
 - Level 7.0 Translocations
 - Level 7.0 Fire Magic
 - Level 8.0 Air Magic
 - Level 9.0 Alchemy
 - Level 6.0 Evocations


You had 12 spell levels left.
You knew the following spells:

 Your Spells              Type           Power      Damage    Failure   Level
d - Dragon's Call         Summ           57%        N/A       4%          9
f - Call Canine Familiar  Summ           100%       N/A       0%          3
l - Summon Lightning Spi  Summ/Air       95%        N/A       1%          4
m - Monstrous Menagerie   Summ           57%        N/A       1%          7
u - Passage of Golubria   Tloc           66%        N/A       1%          4
v - Summon Mana Viper     Hex/Summ       96%        N/A       1%          5
X - Summon Blazeheart Go  Fire/Summ      94%        N/A       1%          4
Y - Yara's Violent Unrav  Hex/Alch       36%        3d15      1%          5

Your spell library contained the following spells:

 Spells                   Type           Power      Damage    Failure   Level
 Summon Small Mammal      Summ           100%       N/A       0%          1
 Call Imp                 Summ           100%       N/A       0%          2
 Apportation              Tloc           100%       N/A       1%          1
 Foxfire                  Conj/Fire      100%       2x1d9     1%          1
 Kiss of Death            Conj/Necr      100%       2d13      1%          1
 Necrotise                Necr           100%       1d9       1%          1
 Sandblast                Erth           52%        2d12      1%          1
 Sting                    Conj/Alch      100%       1d9       1%          1
 Blink                    Tloc           100%       N/A       1%          2
 Cigotuvi's Dreadful Rot  Necr/Alch/Air  100%       N/A       1%          2
 Ensorcelled Hibernation  Hex/Ice        100%       N/A       1%          2
 Jinxbite                 Hex            100%       N/A       1%          2
 Lesser Beckoning         Tloc           100%       N/A       1%          2
 Mercury Vapours          Alch/Air       100%       N/A       1%          2
 Momentum Strike          Conj/Tloc      100%       3d10      1%          2
 Confusing Touch          Hex            73%        N/A       1%          3
 Gell's Gravitas          Tloc           66%        N/A       1%          3
 Summon Ice Beast         Ice/Summ       84%        N/A       1%          3
 Swiftness                Air            70%        N/A       1%          3
 Teleport Other           Tloc           66%        N/A       1%          3
 Tukima's Dance           Hex            73%        N/A       1%          3
 Volatile Blastmotes      Fire/Tloc      100%       2d18      1%          3
 Anguish                  Hex/Necr       46%        N/A       1%          4
 Cause Fear               Hex            36%        N/A       1%          4
 Fulminant Prism          Conj/Alch      27%        3d14      1%          4
 Ignite Poison            Fire/Alch      70%        N/A       1%          4
 Iskenderun's Mystic Bla  Conj/Tloc      50%        2d11      1%          4
 Leda's Liquefaction      Alch/Erth      27%        N/A       1%          4
 Manifold Assault         Tloc           66%        N/A       1%          4
 Martyr's Knell           Necr/Summ      100%       N/A       1%          4
 Petrify                  Alch/Erth      55%        N/A       1%          4
 Vhi's Electric Charge    Tloc/Air       100%       N/A       1%          4
 Alistair's Intoxication  Alch           49%        N/A       1%          5
 Fugue of the Fallen      Necr           56%        N/A       2%          3
 Hailstorm                Conj/Ice       26%        3d7       2%          3
 Passwall                 Erth           26%        N/A       2%          3
 Stone Arrow              Conj/Erth      52%        3d10      2%          3
 Irradiate                Conj/Alch      27%        3d20      3%          5
 Arcjolt                  Conj/Air       26%        1d36      4%          5
 Haunt                    Necr/Summ      64%        N/A       4%          7
 Fireball                 Conj/Fire      25%        3d11      5%          5
 Plasma Beam              Fire/Air       34%        2x1d47    6%          6
 Dispersal                Tloc           33%        N/A       7%          6
 Brom's Barrelling Bould  Conj/Erth      26%        2d5       9%          4
 Dispel Undead            Necr           56%        3d20      9%          4
 Enfeeble                 Hex            36%        N/A       16%         7
 Sculpt Simulacrum        Ice/Alch       27%        N/A       19%         6
 Borgnjor's Vile Clutch   Necr/Erth      28%        N/A       22%         5
 Conjure Ball Lightning   Conj/Air       26%        3x3d7     24%         6
 Starburst                Conj/Fire      25%        6d8       28%         6
 Death Channel            Necr           28%        N/A       73%         6
 Permafrost Eruption      Ice/Erth       13%        2x4d5     73%         6
 Discord                  Hex            36%        N/A       75%         8
 Disjunction              Tloc           33%        N/A       95%         8
 Fire Storm               Conj/Fire      25%        8d6       100%        9
 Sublimation of Blood     Necr           Unusable   N/A       N/A         2
 Animate Dead             Necr           Unusable   N/A       N/A         4
 Borgnjor's Revivificati  Necr           Unusable   N/A       N/A         8
 Death's Door             Necr           Unusable   N/A       N/A         9

Inventory:

Hand Weapons
 i - the +7 sling of Theory (weapon) {drain, rF+ Str+2 Stlth+}
   (You found it on level 4 of the Lair of Beasts)

   Str+2:     It affects your strength (+2).
   rF+:       It protects you from fire.
   Stlth+:    It makes you more stealthy.
Missiles
 R - 9 curare-tipped darts {=f}
Armour
 g - the +3 pair of boots of Morality (worn) {+Inv rPois MP+9}
   (You acquired it on level 1 of the Vaults)

   rPois:     It protects you from poison.
   MP+9:      It affects your magic capacity (+9).
   +Inv:      It lets you turn invisible.
 x - the +0 hat of Divine Compulsion (worn) {+Inv Int+7 Dex-2}
   (You acquired it on level 3 of the Elven Halls)

   Int+7:     It affects your intelligence (+7).
   Dex-2:     It affects your dexterity (-2).
   +Inv:      It lets you turn invisible.
 G - the +12 swamp dragon scales of the Merchant (worn) {rPois rF+ Will+++ Int+4 Slay-4}
   (You took it off a deep elf blademaster on level 3 of the Elven Halls)

   Int+4:     It affects your intelligence (+4).
   Slay-4:    It affects your accuracy & damage with ranged weapons and melee
   (-4).
   rF+:       It protects you from fire.
   rPois:     It protects you from poison.
   Will+++:   It greatly increases your willpower.
 H - the +1 cloak of Baocer (worn) {rElec Will++ Str+3 Dex-2}
   (You bought it in a shop on level 2 of the Orcish Mines)

   Str+3:     It affects your strength (+3).
   Dex-2:     It affects your dexterity (-2).
   rElec:     It insulates you from electricity.
   Will++:    It greatly increases your willpower.
 S - a +2 pair of gloves of strength (worn)
Magical Staves
 h - a staff of death {!a}
 l - a staff of air {!a}
 A - a staff of conjuration {!a}
 Y - a staff of fire {!a}
Jewellery
 d - the ring of Oded (left hand) {Fly rF+ Str+6}
   (You found it on level 3 of the Vaults)

   [ring of strength]

   Str+6:     It affects your strength (+6).
   rF+:       It protects you from fire.
   Fly:       It grants you flight.
 e - a +5 ring of evasion
 f - a ring of protection from fire
 o - the ring of Plog {rC+ Str+6 Dex+3}
   (You acquired it on level 2 of the Depths)

   [ring of strength]

   Str+6:     It affects your strength (+6).
   Dex+3:     It affects your dexterity (+3).
   rC+:       It protects you from cold.
 v - a ring of see invisible
 C - an amulet of guardian spirit
 E - a +5 ring of evasion
 F - a ring of protection from fire
 I - a +6 ring of intelligence
 L - a ring of flight
 M - a ring of magical power
 O - the amulet "Xumagyh" (around neck) {+Inv RegenMP+ Dex+6}
   (You took it off a vault guard on level 5 of the Vaults)

   [amulet of magic regeneration]

   It increases your rate of magic regeneration.
   Dex+6:     It affects your dexterity (+6).
   +Inv:      It lets you turn invisible.
   RegenMP+:  It increases your rate of magic regeneration.
 Q - an amulet of the acrobat
 W - a ring of willpower
 X - a ring of fire
 Z - a ring of wizardry (right hand)
Wands
 j - a wand of charming (68)
 q - a wand of flame (44)
 r - a wand of digging (4)
 u - a wand of polymorph (29)
 z - a wand of mindburst (40)
 K - a wand of acid (22)
 N - a wand of roots (58)
Scrolls
 a - 8 scrolls of noise
 b - 8 scrolls of immolation
 c - 10 scrolls of vulnerability
 k - 3 scrolls of torment
 m - 11 scrolls of teleportation {@r2}
 n - 11 scrolls of amnesia
 p - a scroll of summoning
 s - 2 scrolls of revelation
 t - 5 scrolls of poison
 w - 4 scrolls of brand weapon
 y - 9 scrolls of fog
 B - 27 scrolls of identify {@r1}
 D - 7 scrolls of enchant weapon
 J - a scroll of blinking
 P - a scroll of enchant armour
 U - 4 scrolls of fear
Miscellaneous
 T - a phantom mirror
 V - a phial of floods

Dungeon Overview and Level Annotations

Branches:
Dungeon (15/15)            Temple (1/1) D:7            Lair (5/5) D:9
  Swamp (4/4) Lair:3       Spider (4/4) Lair:2        Slime (0/5) Lair:4
    Orc (2/2) D:11            Elf (3/3) Orc:2        Vaults (5/5) D:13
  Crypt (0/3) Vaults:3     Depths (4/4) D:15            Zot (5/5) Depths:4

Altars:
Ashenzari
Cheibriados
Dithmenos
Fedhas
Gozag
Hepliaklqana
Kikubaaqudgha
Makhleb
Nemelex Xobeh
Okawaru
Qazlal
Ru
Sif Muna
Trog
Uskayaw
Vehumet
Wu Jian
Xom
Yredelemnul
Beogh
Lugonu

Shops:
D:3 !   D:5 (   D:7 *   D:10 =   D:12 ?:   D:13 ?   Orc:2 [=(*   Elf:1 *
Elf:3 *   Vaults:4 :   Vaults:5 (   Depths:1 !   Depths:3 :   Depths:4 :

Portals:
Hell: Depths:1 Depths:2 Depths:3 Depths:4*
Abyss: Depths:3 Depths:4
Pandemonium: Depths:2 Depths:3
Ziggurat: Depths:4

Annotations:
D:14 Roxanne
Lair:4 3 runed translucent doors, Pijio's ghost, journeyman MDFi
Swamp:1 2 transporters, Okkeon's ghost, adept MfBe
Swamp:2 1 runed translucent door, Kaq Savaiv's ghost, adept DsGl
Spider:4 3 runed translucent doors, mooti9's ghost, adept MiFi
Elf:2 6 runed translucent doors, Obbaitis's ghost, journeyman MiBe
Elf:3 3 runed translucent doors, dcgchant's ghost, veteran GnIE

##.##.# ##### ...##.#
#...#### ##.##.#######
#.#.#..#
#.#.(......######.##.#
#.#..#####..##.......#
#.#..# #........##'#
#.#..# #.###.......#
#.#### #.# ###..##.#
#.# #.# ##@#.#..# ##.#
#.###....#### ..>#
#.##.##### ##.# #.#.##
##.# #..## ##.# #.##
##.# #.# ##.# #.# ##.#
#.#


There were no monsters in sight!


Message History

HP restored.
There is a stone staircase leading up here.
You fly upwards.
There is a stone staircase leading down here.
There is a stone staircase leading up here.
You fly upwards.
There is a stone staircase leading down here.
The profane servitor stares, then turns away, jangling a coin purse.
A profane servitor comes into view. It is wielding a +3 whip.
Unknown command.
There is an open door here.
There is a stone staircase leading up here.
You fly upwards.
There is a stone staircase leading down here.
There is a stone staircase leading up here.
You fly upwards.
There is a stone staircase leading down here.
Your seraph grins greedily, jangling a coin purse.
The cherub stares, then turns away, jangling a coin purse.
The angel stares, then turns away, jangling a coin purse.
A seraph, a cherub and an angel come into view.
Your seraph is wielding a +4 great sword of flaming.
The cherub is wielding a +4 long sword of flaming.
The angel is wielding a +1 whip of holy wrath.
Your seraph moves out of view.
Aiming: Dig
Press: ? - help, Shift-Dir - straight line A rock wall.
This square is covered in magical glow.
The rock shatters into small pieces.
There is a staircase leading out of the dungeon here.
You have escaped!

Skill      XL: |  1  2  3  4  5  6  7  8  9 10 11 12 13 14 15 16 17 18 19 20 21 22 23 24 |
---------------+-------------------------------------------------------------------------+-----
Spellcasting   | 3 4 5 7 10 13 14 15 | 15.0
Summonings     | 4 5 7 8 9 10 13 16 17 19 21 23 24 | 24.0
Fire Magic     | 2 3 5 6 7 |  7.0
Fighting       | 2 4 7 9 10 12 13 14 17 20 | 20.4
Evocations     | 3 6 |  6.0
Dodging        | 4 6 8 |  8.0
Air Magic      | 3 7 8 |  8.0
Armour         | 4 6 10 12 | 12.0
Hexes          | 7 9 |  9.0
Maces & Flails | 3 4 |  4.0
Alchemy        | 3 9 |  9.0
Translocations | 7 |  7.0
Throwing       | 5 |  5.0
Stealth        | |  1.5

Action                     |  1- 3 |  4- 6 |  7- 9 | 10-12 | 13-15 | 16-18 | 19-21 | 22-24 || total
---------------------------+-------+-------+-------+-------+-------+-------+-------+-------++-------
  Melee: Unarmed           |    25 |       |       |       |       |       |       |       ||    25
         Dagger            |     2 |    65 |    62 |       |       |       |       |       ||   129
         Whip              |       |       |    38 |    85 |    16 |       |       |       ||   139
   Fire: Sling             |       |       |       |       |    97 |    63 |    29 |    32 ||   221
   Cast: Summon Small Mamm |    55 |    12 |    11 |       |       |       |       |       ||    78
         Call Imp          |     7 |     3 |     1 |       |       |       |       |       ||    11
         Call Canine Famil |     5 |    20 |    21 |     7 |    21 |    15 |       |     2 ||    91
         Summon Blazeheart |       |       |    30 |    81 |    98 |     9 |       |       ||   218
         Summon Lightning  |       |       |       |    36 |    91 |    40 |     9 |       ||   176
         Summon Mana Viper |       |       |       |       |   122 |   239 |    52 |    50 ||   463
         Monstrous Menager |       |       |       |       |    56 |   416 |    89 |    46 ||   607
         Yara's Violent Un |       |       |       |       |       |     6 |    10 |     2 ||    18
         Dragon's Call     |       |       |       |       |       |     1 |    62 |    66 ||   129
 Invoke: Potion Petition   |       |       |       |     1 |     1 |     5 |     2 |     2 ||    11
         Bribe Branch      |       |       |       |       |       |       |       |     6 ||     6
  Evoke: Wand              |       |       |     6 |     1 |    19 |    10 |       |     4 ||    40
    Use: Scroll            |       |     4 |    10 |     7 |     6 |    13 |     6 |     9 ||    55
   Stab: Distracted        |     2 |     1 |       |     1 |       |       |       |       ||     4
         Sleeping          |       |     1 |       |       |       |       |       |       ||     1
 Armour: Robe              |    24 |     3 |       |       |       |    40 |    64 |       ||   131
         Animal skin       |       |    32 |    73 |       |       |       |       |       ||   105
         Leather armour    |       |       |     7 |   171 |   323 |   437 |       |       ||   938
         Swamp dragon scal |       |       |       |       |       |       |   107 |   216 ||   323
  Dodge: Dodged            |    25 |    50 |    77 |    92 |   224 |   196 |    59 |    84 ||   807

Levels and vault maps discovered:
D:1:      onia_arrival_mini_spirals, layout_basic
D:2:      layout_basic, nicolae_ecumenical_snake_handling, columned_hall_lemuel,
          lexackson_kobold_supper, uniq_robin
D:3:      minmay_bubble_buster, layout_loops_corners, serial_shops,
          nicolae_square_shop, wad_orctagon, uniq_sigmund
D:4:      layout_basic, uniq_pikel
D:5:      layout_basic, serial_shops, shop_fountains
D:6:      layout_basic
D:7:      layout_basic, minmay_temple_entry_statues,
          nicolae_shop_overcharged_wands, uniq_duvessa, uniq_maurice
D:8:      nzn_winding_woodlands_three_and_one
          [nzn_winding_woodlands_5x15_garden, nzn_winding_woodlands_5x15_parted,
          nzn_winding_woodlands_5x15_twine,
          nzn_winding_woodlands_center_garden], layout_basic,
          mainiacjoe_overflow_brackets, mainiacjoe_overflow_cross_hatched
D:9:      layout_roguey, david_lair_generic, kennysheep_generic_room_4
D:10:     layout_small_grid, mainiacjoe_overflow_concentric_impassable,
          serial_shops, shop, amethyst_killhole, lightli_orcish_oven,
          uniq_maggie, uniq_fannar
D:11:     layout_loops_ring, orc_0_dummy
D:12:     layout_gridville, serial_shops, shop, nicolae_shop_peninsula,
          gauntlet_entry_generic
D:13:     layout_basic, hellmonk_vaults_attempted_burglary, serial_shops,
          nicolae_shop_pleasant_corner_grove, uniq_urug, uniq_azrael
D:14:     layout_irregular_city, minmay_door_square, grunt_decor_arrowhead,
          nicolae_twisting_strands, uniq_roxanne
D:15:     grunt_enter_depths_magical_seal, layout_cave_pools,
          minmay_misc_feat_iff, serial_bayou, serial_bayou_pond_b,
          serial_bayou_ford_a, serial_bayou_pond_c, serial_bayou_pond_c,
          st_stairs_14
Temple:   hellmonk_temple_of_storms
Lair:1:   layout_regular_city
Lair:2:   layout_hall_layers, spider_nest_entry_funnel_web
Lair:3:   layout_misc_corridors, minmay_swamp_entry_swarm, lemuel_fruit_fields
Lair:4:   layout_hall_layers, slime_entry_1, gammafunk_ghost_split,
          grunt_megastairs_2, lemuel_fruit_fields, uniq_sonja
Lair:5:   grunt_lair_end_beastmaster, layout_regular_city, serial_bayou_shore_a,
          infiniplex_staircase_pool_2
Swamp:1:  layout_falls_marsh, gammafunk_ghost_berserking_beasts,
          evilmike_swamp_ruin_house_2, swamp_pool_1_2
Swamp:2:  nicolae_swamp_flooded_prison, layout_falls_marsh,
          ebering_ghost_funeral_grove, evilmike_swamp_ruin_wall, swamp_pool_1_2,
          infiniplex_staircase_pool
Swamp:3:  layout_basic_swamp, portal_ice_cave_entry_ugly_swarm,
          evilmike_swamp_ruin_rubble_1, swamp_pool_3
Swamp:4:  nzn_swamp_witches_coven, layout_basic_swamp,
          nicolae_swamp_tree_isthmus
Spider:1: layout_spider_delve, uniq_aizul
Spider:2: layout_spider_delve, uniq_agnes
Spider:3: layout_spider_delve, nicolae_spider_paper_wasps, uniq_arachne
Spider:4: johnstein_spider_rune_arachne_lair, gammafunk_ghost_necromancy,
          drop_trap
Orc:1:    layout_caves, nicolae_volcano_entry_vermiform
Orc:2:    grunt_orc_cross, layout_caves
Elf:1:    layout_loops_corners, serial_shops, nicolae_shop_stone,
          regret_index_elf_centigrade, uniq_kirke
Elf:2:    nicolae_elf_blades_crystal_corner, layout_loops_corners,
          gammafunk_ghost_fury_of_okawaru
Elf:3:    minmay_elf_hall_quartered_circle, layout_gridlike,
          gammafunk_ghost_split, tekkud_shop_of_orbs
Vaults:1: nicolae_vaults_six-pack, nicolae_vaults_little_squares_2,
          hangedman_vaults_locks, nicolae_vaults_trapezoid_2,
          nicolae_vaults_tetromino_T_1, nicolae_vaults_storage_closets_1,
          v_misc_22, nicolae_vaults_tetromino_Z_1, vaults_dpeg_ring,
          vaults_room_grunt_arrival_ludios, ontoclasm_vaults_gallery,
          nicolae_vaults_little_squares_2, layout_vaults_omnibox
Vaults:2: mu_enter_wizlab_6, nicolae_vaults_mitosis, hangedman_vaults_slither,
          nicolae_vaults_trapezoid_lopsided_3, nicolae_vaults_trapezoid_2,
          nicolae_vaults_mini_display_case, vaults_room_door_ring,
          nicolae_vaults_apartment_1, layout_vaults_omnigrid
Vaults:3: minmay_crypt_entry_necro_gods, nicolae_vaults_asterisk,
          nicolae_vaults_arrows, nicolae_vaults_ellipses_ellipsis,
          dpeg_vaults_waves, vaults_mumra_chevron, nicolae_vaults_two_Ls,
          grunt_vaults_hallway_short, nicolae_vaults_shelves_hall, v_misc_22,
          layout_vaults_maze, serial_shops, bzr_in_the_mist
Vaults:4: nicolae_vaults_specimen_jars, vaults_room_octagon,
          nicolae_vaults_diamond_2, nicolae_vaults_tetromino_Z_1,
          nicolae_vaults_stairing_the_circle, nicolae_vaults_house_3,
          vaults_mumra_minichess, dpeg_vaults_monster_box, v_misc_27,
          grunt_vaults_diagonal, vaults_standard_mumra_enter_the_diamond,
          nicolae_vaults_rhombus_6, nicolae_vaults_security_offices_2,
          nicolae_vaults_more_shelving_1, layout_vaults_ring, serial_shops,
          shop, uniq_mara
Vaults:5: uniq_jory
Depths:1: layout_gridville, serial_shops, shop, grunt_metal_band,
          minmay_misc_feat_four_crosses, nrook_mini_backslash,
          chequers_serial_rivers_micro_c, bh_walls_and_bars,
          infiniplex_staircase_pool_lava
Depths:2: minmay_the_grid_square_5x5_3x3
          [minmay_the_grid_square_5x5_half_checkered,
          minmay_the_grid_square_5x5_slash, minmay_the_grid_square_5x5_lines,
          minmay_the_grid_square_5x5_z,
          minmay_the_grid_square_5x5_megaprize_checkered,
          minmay_the_grid_square_5x5_forky,
          minmay_the_grid_square_5x5_trominoes, minmay_the_grid_square_5x5_n,
          minmay_the_grid_square_5x5_six_small], layout_cave_shapes,
          pf_hell_entry_great_geh, hangedman_decor_points, pan_entry
Depths:3: evilmike_lava_path, layout_basic, pan_entry, abyss_entry_flame_altar,
          okawaru_gym_becter, hell_entry
Depths:4: grunt_twist_and_shout, layout_cave_shapes, enter_ziggurat_a,
          hangedman_abyss_entry_splay, serial_shops, shop, hell_entry,
          wad_floor_pattern_untrapped, uniq_vv
Zot:1:    layout_gridlike, basic_altar, uniq_josephina, uniq_parghit
Zot:2:    layout_onion_interference, hangedman_zot_decor_slant
Zot:3:    layout_misc_corridors, grunt_ministairs_14, lemuel_lake_of_fire
Zot:4:    layout_gridlike, regret_index_zotdec_banners
Zot:5:    layout_cellular_growth

Notes
Turn   | Place    | Note
-------+----------+-------------------------------------------
     0 | D:1      | Drazool the Mummy Summoner began the quest for the Orb.
     0 | D:1      | Reached XP level 1. HP: 13/13 MP: 4/4
   158 | D:1      | Reached skill level 3 in Spellcasting
   291 | D:1      | Reached XP level 2. HP: 19/19 MP: 4/6
   540 | D:1      | Learned a level 2 spell: Call Imp
   658 | D:1      | Reached skill level 4 in Spellcasting
  1319 | D:2      | Reached XP level 3. HP: 24/24 MP: 0/9
  1557 | D:2      | Noticed Robin
  1633 | D:2      | Learned a level 3 spell: Call Canine Familiar
  1735 | D:2      | Reached skill level 5 in Spellcasting
  1964 | D:2      | Reached XP level 4. HP: 30/30 MP: 2/11
  2514 | D:2      | Reached skill level 4 in Summonings
  2612 | D:2      | Killed Robin
  2662 | D:2      | Found a faded altar of an unknown god.
  2827 | D:3      | Reached XP level 5. HP: 35/35 MP: 12/12
  2844 | D:3      | Learned a level 4 spell: Summon Blazeheart Golem
  3064 | D:3      | Found Xaojolek's Distillery.
  3082 | D:3      | Noticed Sigmund
  3150 | D:3      | Killed Sigmund
  3151 | D:3      | Reached skill level 5 in Summonings
  3151 | D:3      | Reached skill level 2 in Fire Magic
  3151 | D:3      | Reached XP level 6. HP: 41/41 MP: 4/13
  3493 | D:3      | Reached skill level 3 in Fire Magic
  3670 | D:3      | Noticed a water moccasin
  3689 | D:3      | Killed a water moccasin
  3690 | D:3      | Reached XP level 7. HP: 46/46 MP: 2/14
  3940 | D:3      | Reached skill level 4 in Fire Magic
  4600 | D:4      | Noticed Pikel
  4681 | D:4      | Killed Pikel
  4682 | D:4      | Reached skill level 5 in Fire Magic
  4682 | D:4      | Reached skill level 2 in Fighting
  4682 | D:4      | Reached XP level 8. HP: 47/56 MP: 1/15
  5331 | D:5      | Entered Level 5 of the Dungeon
  5508 | D:5      | Reached skill level 6 in Summonings
  5759 | D:5      | Found Onuosuw's Weapon Emporium.
  6632 | D:6      | Reached skill level 6 in Fire Magic
  6761 | D:6      | Reached skill level 7 in Summonings
  6935 | D:6      | Identified the +1 ring mail of Lyrileh {rN+}
  7131 | D:7      | Reached XP level 9. HP: 51/61 MP: 8/16
  7324 | D:7      | Reached skill level 7 in Fire Magic
  7324 | D:7      | Reached skill level 1 in Evocations
  7375 | D:7      | Found Xozacil's Overcharged Wands.
  7531 | D:7      | Reached skill level 3 in Fighting
  7531 | D:7      | Reached skill level 2 in Evocations
  7626 | D:7      | Found a staircase to the Ecumenical Temple.
  7682 | Temple   | Entered the Ecumenical Temple
  7695 | Temple   | Became a worshipper of Gozag Ym Sagoz the Greedy
  7800 | D:7      | Noticed Dowan
  7804 | D:7      | Noticed Duvessa
  7811 | D:7      | Killed Duvessa
  7821 | D:7      | Killed Dowan
  7822 | D:7      | Reached skill level 3 in Evocations
  7930 | D:7      | Noticed Maurice
  7936 | D:7      | Reached skill level 4 in Fighting
  7949 | D:7      | Something stole a +2 dagger of venom
  7956 | D:7      | Something stole 267 gold
  7968 | D:7      | Something stole 15 gold
  7972 | D:7      | HP: 1/65 [something (10)]
  8306 | D:7      | Reached skill level 2 in Dodging
  8375 | D:7      | Killed Maurice
  8376 | D:7      | Reached skill level 3 in Dodging
  8789 | D:7      | Reached skill level 4 in Dodging
  9120 | D:8      | Learned a level 4 spell: Summon Lightning Spire
  9140 | D:8      | Reached skill level 1 in Air Magic
  9224 | D:8      | Reached skill level 2 in Air Magic
  9233 | D:8      | Reached skill level 3 in Air Magic
  9233 | D:8      | Reached XP level 10. HP: 71/71 MP: 7/17
  9332 | D:8      | Reached skill level 4 in Air Magic
  9465 | D:8      | Found a burning altar of Makhleb.
  9738 | D:8      | Reached skill level 5 in Air Magic
 10012 | D:8      | Noticed a two-headed ogre
 10013 | D:8      | Noticed a tengu warrior
 10045 | D:8      | Killed a tengu warrior
 10046 | D:8      | Reached skill level 6 in Air Magic
 10051 | D:8      | Killed a two-headed ogre
 10052 | D:8      | Reached skill level 7 in Air Magic
 10281 | D:8      | Identified the +10 shortbow of Exquisite Torment {drain,
                  | rPois Will++ Str+2}
 10431 | D:8      | Found a shimmering blue altar of Sif Muna.
 11022 | D:9      | Found a staircase to the Lair.
 11022 | D:9      | Noticed an elephant
 11047 | D:9      | Killed an elephant
 11048 | D:9      | Reached skill level 8 in Summonings
 11259 | D:9      | Reached XP level 11. HP: 77/77 MP: 14/18
 11925 | D:10     | Entered Level 10 of the Dungeon
 11935 | D:10     | Noticed Maggie
 11959 | D:10     | Killed Maggie
 12021 | D:10     | Found Yluagul's Jewellery Shoppe.
 12041 | D:10     | Reached skill level 9 in Summonings
 12054 | D:10     | Bought a ring of protection from fire for 275 gold pieces
 12163 | D:10     | Noticed Fannar
 12170 | D:10     | Killed Fannar
 12171 | D:10     | Reached skill level 2 in Armour
 12267 | D:10     | Reached skill level 3 in Armour
 12650 | D:10     | Reached skill level 4 in Armour
 12772 | Lair:1   | Entered Level 1 of the Lair of Beasts
 12788 | Lair:1   | Reached skill level 6 in Spellcasting
 12834 | Lair:1   | Noticed a death yak
 12841 | Lair:1   | Noticed a death yak
 12844 | Lair:1   | Noticed a death yak
 12850 | Lair:1   | Killed a death yak
 12851 | Lair:1   | Reached skill level 7 in Spellcasting
 12859 | Lair:1   | Killed a death yak
 12859 | Lair:1   | Killed a death yak
 12860 | Lair:1   | Reached skill level 6 in Fighting
 13312 | Lair:1   | Reached skill level 7 in Fighting
 13396 | Lair:1   | Reached XP level 12. HP: 86/91 MP: 14/22
 13400 | Lair:1   | Reached skill level 8 in Air Magic
 13844 | Lair:1   | Learned a level 5 spell: Summon Mana Viper
 14018 | Lair:2   | Reached skill level 10 in Summonings
 14027 | Lair:2   | Noticed a seven-headed hydra
 14045 | Lair:2   | Killed a seven-headed hydra
 14046 | Lair:2   | Reached skill level 2 in Hexes
 14088 | Lair:1   | Identified a scroll of acquirement
 14088 | Lair:1   | Acquired a book of the Dragon
 14137 | Lair:2   | Noticed a five-headed hydra
 14144 | Lair:2   | Killed a five-headed hydra
 14145 | Lair:2   | Reached skill level 3 in Hexes
 14172 | Lair:2   | Reached skill level 4 in Hexes
 14184 | Lair:2   | Found a hole to the Spider Nest.
 14499 | Lair:2   | Reached skill level 5 in Hexes
 14673 | Lair:3   | Reached skill level 6 in Hexes
 14728 | Lair:3   | Found a staircase to the Swamp.
 15142 | Lair:3   | Reached skill level 7 in Hexes
 15276 | Lair:3   | Reached skill level 1 in Maces & Flails
 15291 | Lair:3   | Reached skill level 2 in Maces & Flails
 15605 | Lair:4   | Noticed Sonja
 15612 | Lair:4   | Noticed Pijio's ghost (journeyman MDFi)
 15622 | Lair:4   | Found a runed translucent gate.
 15623 | Lair:4   | Found a runed translucent gate.
 15623 | Lair:4   | Found a runed translucent gate.
 15624 | Lair:4   | Reached skill level 3 in Maces & Flails
 15625 | Lair:4   | Killed Sonja
 15628 | Lair:4   | Gained mutation: You are strongly in touch with the powers
                  | of death. [Mummy growth]
 15628 | Lair:4   | Reached XP level 13. HP: 55/96 MP: 23/23
 15775 | Lair:4   | Reached skill level 4 in Maces & Flails
 15938 | Lair:4   | Found a staircase to the Slime Pits.
 15976 | Lair:4   | Reached skill level 11 in Summonings
 16209 | Lair:4   | Identified the +7 sling of Theory {drain, rF+ Str+2 Stlth+}
 16664 | Lair:5   | Entered Level 5 of the Lair of Beasts
 17166 | Lair:5   | Reached skill level 12 in Summonings
 17353 | Lair:5   | Learned a level 7 spell: Monstrous Menagerie
 18158 | Lair:5   | Reached skill level 13 in Summonings
 18336 | Lair:5   | Reached XP level 14. HP: 72/103 MP: 13/24
 18914 | Lair:5   | Reached skill level 14 in Summonings
 19572 | D:11     | Identified the +4 ring mail "Qovugg" {rElec rF- rC+ Dex+5}
 20160 | D:11     | Found a staircase to the Orcish Mines.
 20404 | Orc:1    | Entered Level 1 of the Orcish Mines
 21617 | Orc:2    | Entered Level 2 of the Orcish Mines
 21637 | Orc:2    | Found a staircase to the Elven Halls.
 21638 | Orc:2    | Noticed an orc warlord
 22135 | Orc:2    | Reached skill level 15 in Summonings
 22161 | Orc:2    | Killed an orc warlord
 22838 | Orc:2    | Found a roughly hewn altar of Beogh.
 22858 | Orc:2    | Found Jeh Soob's General Store.
 22881 | Orc:2    | Found Qoxteag's Jewellery Emporium.
 22951 | Orc:2    | Noticed an orc warlord
 23002 | Orc:2    | Killed an orc warlord
 23267 | Orc:2    | Found Muehuig's Antique Weapon Emporium.
 23479 | Orc:2    | Found Dyin's Antique Armour Emporium.
 23485 | Orc:2    | Bought a fine cloak for 266 gold pieces
 23485 | Orc:2    | Identified the +1 cloak of Baocer {rElec Will++ Str+3
                  | Dex-2} (You bought it in a shop on level 2 of the Orcish
                  | Mines)
 23513 | Orc:2    | Bought a ring of see invisible for 225 gold pieces
 23513 | Orc:2    | Bought the amulet of Qeuh {RegenMP+ Dex+3} for 649 gold
                  | pieces
 23563 | D:12     | Found Boatoeji's Magic Scroll Shop.
 23803 | D:12     | Reached skill level 16 in Summonings
 24091 | D:12     | Upgraded the game from 0.32-a0-779-g362cfcae2a to
                  | 0.32-a0-791-gfc315c9ecd
 24262 | D:12     | Bought a scroll of blinking for 105 gold pieces
 24267 | D:12     | Identified the +2 pair of boots of the Butcher {Harm MP+9
                  | SInv}
 24561 | D:12     | Reached XP level 15. HP: 108/108 MP: 25/25
 24622 | D:12     | Found Wynus's Book Shop.
 24626 | D:12     | Bought Great Wizards, Vol. VII for 420 gold pieces
 24945 | D:13     | Noticed Urug
 24956 | D:13     | Killed Urug
 25352 | D:13     | You fall into a shaft and drop 2 floors!
 25352 | D:15     | Entered Level 15 of the Dungeon
 25746 | D:14     | Reached skill level 17 in Summonings
 26120 | D:13     | Found a gate to the Vaults.
 26120 | D:13     | Noticed a storm dragon
 26142 | D:13     | Killed a storm dragon
 26435 | D:13     | Found Acurolie's Magic Scroll Shop.
 26443 | D:13     | Bought a scroll of blinking for 120 gold pieces
 26443 | D:13     | Bought a scroll of blinking for 120 gold pieces
 26677 | D:13     | Noticed Azrael
 26685 | D:13     | Killed Azrael
 27252 | D:14     | Identified the +0 plate armour of the Lich-sworn {Regen+
                  | Str+2}
 27340 | D:14     | Noticed Roxanne
 27839 | D:15     | Reached skill level 8 in Spellcasting
 28017 | D:15     | Reached skill level 9 in Spellcasting
 28462 | D:15     | Found a staircase to the Depths.
 28763 | Spider:1 | Entered Level 1 of the Spider Nest
 28827 | Spider:1 | Reached skill level 10 in Spellcasting
 28951 | Spider:1 | Learned a level 5 spell: Yara's Violent Unravelling
 28992 | Spider:1 | Identified the serpent talisman "Wiuq" {rC+ Int+4}
 28992 | Spider:1 | Noticed Aizul
 28998 | Spider:1 | Killed Aizul
 28999 | Spider:1 | Reached skill level 1 in Alchemy
 29064 | Spider:1 | Reached skill level 2 in Alchemy
 29181 | Spider:1 | Reached skill level 3 in Alchemy
 29273 | Spider:1 | Reached XP level 16. HP: 113/115 MP: 30/30
 29413 | Spider:1 | Reached skill level 4 in Alchemy
 29977 | Spider:2 | Reached skill level 5 in Alchemy
 29990 | Spider:2 | Noticed Agnes
 29998 | Spider:2 | Killed Agnes
 30084 | Spider:2 | Upgraded the game from 0.32-a0-791-gfc315c9ecd to
                  | 0.32-a0-814-g0968bab981
 30461 | Spider:2 | Reached skill level 6 in Alchemy
 31140 | Spider:2 | Reached skill level 7 in Alchemy
 31952 | Spider:3 | Noticed Arachne
 31953 | Spider:3 | Reached skill level 8 in Alchemy
 31966 | Spider:3 | Killed Arachne
 32191 | Spider:3 | Reached skill level 9 in Alchemy
 32399 | Spider:3 | Reached skill level 8 in Hexes
 33297 | Spider:3 | Reached skill level 9 in Hexes
 33670 | Spider:4 | Entered Level 4 of the Spider Nest
 33750 | Spider:4 | Reached XP level 17. HP: 108/120 MP: 14/31
 33940 | Spider:4 | Reached skill level 18 in Summonings
 35434 | Spider:4 | Reached skill level 8 in Fighting
 37019 | Spider:4 | Found a runed translucent gate.
 37019 | Spider:4 | Found a runed translucent gate.
 37041 | Spider:4 | Found a runed translucent gate.
 37046 | Spider:4 | Noticed mooti9's ghost (adept MiFi)
 37589 | Spider:3 | Reached skill level 9 in Fighting
 38479 | Spider:4 | Reached skill level 19 in Summonings
 38924 | Spider:4 | Got a gossamer rune of Zot
 39451 | Swamp:1  | Entered Level 1 of the Swamp
 39696 | Swamp:1  | Found a transporter.
 39716 | Swamp:1  | Noticed Okkeon's ghost (adept MfBe)
 39772 | Swamp:1  | Found a transporter.
 40183 | D:10     | Bought a +6 ring of intelligence for 396 gold pieces
 40202 | D:10     | Learned a level 9 spell: Dragon's Call
 41177 | Swamp:2  | Reached XP level 18. HP: 132/132 MP: 32/32
 41976 | Swamp:2  | Found a runed translucent door.
 41978 | Swamp:2  | Noticed Kaq Savaiv's ghost (adept DsGl)
 41978 | Swamp:2  | Identified the +7 spear of Tezxecyi {flame, rN++ Int-4}
 42138 | Swamp:2  | Identified the amulet "Doudd" {Harm RegenMP+ rCorr Str-3
                  | Int-2}
 42205 | Swamp:3  | Reached skill level 20 in Summonings
 43305 | Swamp:3  | Acquired 786 gold pieces
 43672 | Swamp:4  | Entered Level 4 of the Swamp
 43867 | Swamp:4  | Identified the +0 robe of the Chupacabra {-Tele Rampage
                  | rPois Dex+3}
 44386 | Swamp:4  | Noticed a tentacled monstrosity
 44392 | Swamp:4  | Killed a tentacled monstrosity
 44741 | Swamp:4  | Reached skill level 21 in Summonings
 44942 | Swamp:4  | Reached skill level 11 in Spellcasting
 45516 | Swamp:4  | Got a decaying rune of Zot
 45867 | Elf:1    | Entered Level 1 of the Elven Halls
 45918 | Elf:1    | Paralysed by an air elemental for 1 turns
 45921 | Elf:1    | Paralysed by an air elemental for 1 turns
 45925 | Elf:1    | Paralysed by an air elemental for 1 turns
 45980 | Elf:1    | Reached skill level 12 in Spellcasting
 46570 | Elf:1    | Found Ydoceusi's Assorted Antiques.
 46604 | Elf:1    | Bought a wand of acid (6) for 806 gold pieces
 46837 | Elf:1    | Noticed Kirke
 46850 | Elf:1    | Killed Kirke
 46851 | Elf:1    | Reached skill level 13 in Spellcasting
 47012 | Elf:1    | Paralysed by an air elemental for 1 turns
 48010 | Elf:2    | Reached XP level 19. HP: 131/138 MP: 30/36
 48534 | Elf:2    | Found a runed translucent gate.
 48537 | Elf:2    | Found a runed translucent gate.
 48539 | Elf:2    | Found a runed translucent gate.
 48539 | Elf:2    | Noticed Obbaitis's ghost (journeyman MiBe)
 48542 | Elf:2    | Identified the ring "Xuamuomo" {Will+ Str+6}
 48604 | Elf:2    | Found a runed translucent gate.
 48605 | Elf:2    | Found a runed translucent gate.
 48605 | Elf:2    | Found a runed translucent gate.
 48628 | Elf:2    | Identified the +0 chain mail of Fashionability {rElec Str-5
                  | Int+3}
 49181 | Elf:2    | Identified the ring of Doisejou {Fire rElec rCorr Str-2
                  | Dex+5 Stlth+}
 49254 | Elf:2    | Found an iron altar of Okawaru.
 49276 | Elf:3    | Entered Level 3 of the Elven Halls
 49662 | Elf:3    | Identified the +2 robe "Viqy" {rF+}
 49667 | Elf:3    | Identified the +12 swamp dragon scales of the Merchant
                  | {rPois rF+ Will+++ Int+4 Slay-4}
 49675 | Elf:3    | Reached skill level 22 in Summonings
 49700 | Elf:3    | Identified the +2 scimitar of Xuacin {freeze, ^Drain rPois
                  | Int+3}
 49737 | Elf:3    | Identified the +7 war axe "Brush" {drain, SInv}
 49752 | Elf:3    | Identified the +0 plate armour of Inquiry {Regen+ Str+3}
 49927 | Elf:3    | Identified the +7 long sword of the Teaching King {spect,
                  | Str+3}
 49934 | Elf:3    | Noticed a Brimstone Fiend
 50080 | Elf:3    | Acquired 907 gold pieces
 50081 | Elf:3    | Acquired a book of Chaos
 50082 | Elf:3    | Acquired the +0 hat of Divine Compulsion {+Inv Int+7 Dex-2}
 50100 | Elf:3    | Identified the +1 scale mail of the Fletcher {rN+ Regen+}
 50101 | Elf:3    | Identified the +2 falchion "Grim Tooth" {freeze, rC+ Will+}
 50126 | Elf:3    | Identified the +5 spear "Zuaceg" {vamp, Dex+5}
 50144 | Elf:3    | Got the Vellum of the Adder and Cinders
 50351 | Elf:3    | Found a runed translucent gate.
 50366 | Elf:3    | Noticed dcgchant's ghost (veteran GnIE)
 50368 | Elf:3    | Found a runed translucent gate.
 50369 | Elf:3    | Found a runed translucent gate.
 50430 | Elf:3    | Found Kiraicha's Spherical Supermarket.
 50572 | Elf:3    | Paralysed by an air elemental for 1 turns
 51289 | Vaults:1 | Entered Level 1 of the Vaults
 52323 | Vaults:1 | Reached skill level 23 in Summonings
 52465 | Vaults:1 | Acquired the +3 pair of boots of Morality {+Inv rPois MP+9}
 52913 | Vaults:1 | Reached skill level 10 in Fighting
 53153 | Vaults:2 | Reached XP level 20. HP: 140/149 MP: 14/37
 53161 | Vaults:2 | Reached skill level 11 in Fighting
 53281 | Vaults:2 | Reached skill level 5 in Armour
 53552 | Vaults:2 | Reached skill level 6 in Armour
 53953 | Vaults:2 | Reached skill level 12 in Fighting
 54514 | Vaults:2 | Reached skill level 5 in Dodging
 54733 | Vaults:3 | Found a flickering gateway to a bazaar.
 54750 | Bazaar   | Entered a bazaar
 54756 | Bazaar   | Found Fifren's Jewellery Emporium.
 54756 | Bazaar   | Found Magum's Book Shoppe.
 54774 | Bazaar   | Learned a level 4 spell: Passage of Golubria
 54795 | Vaults:3 | Reached skill level 1 in Translocations
 54800 | Vaults:3 | Reached skill level 2 in Translocations
 54922 | Vaults:3 | Reached skill level 3 in Translocations
 55019 | Vaults:3 | Identified the ring of Oded {Fly rF+ Str+6}
 55094 | Vaults:3 | Reached skill level 4 in Translocations
 55121 | Vaults:3 | Reached skill level 5 in Translocations
 55237 | Vaults:3 | Reached skill level 6 in Translocations
 55692 | Vaults:3 | Reached skill level 7 in Translocations
 56026 | Vaults:3 | Identified the ring "Zumedd" {rPois Str+3 Dex+6}
 56115 | Vaults:3 | Found a staircase to the Crypt.
 56115 | Vaults:3 | Found a basalt altar of Yredelemnul.
 56116 | Vaults:3 | Found an ancient bone altar of Kikubaaqudgha.
 56125 | Vaults:3 | Reached skill level 6 in Dodging
 56622 | Vaults:4 | Reached XP level 21. HP: 119/159 MP: 17/38
 56733 | Vaults:4 | Reached skill level 7 in Dodging
 56905 | Vaults:4 | Found Lisufoke's Book Shoppe.
 56977 | Vaults:4 | Identified the +6 sling of the Sneaky Olives {drain, rElec
                  | Str-5 Dex+4}
 57002 | Vaults:4 | Reached skill level 8 in Dodging
 57367 | Vaults:4 | Reached skill level 7 in Armour
 57456 | Vaults:4 | Noticed Mara
 57464 | Vaults:4 | Killed Mara
 57647 | Vaults:4 | Reached skill level 8 in Armour
 58174 | Vaults:4 | Identified the +2 ring mail of Foem {Regen+ Int+4}
 58497 | Depths:1 | Entered Level 1 of the Depths
 58500 | Depths:1 | Reached skill level 9 in Armour
 58680 | Depths:1 | Found a gateway to Hell.
 58710 | Depths:1 | Reached skill level 10 in Armour
 58711 | Depths:1 | Reached skill level 1 in Throwing
 58716 | Depths:1 | Reached skill level 2 in Throwing
 58721 | Depths:1 | Reached skill level 3 in Throwing
 58817 | Depths:1 | Reached skill level 4 in Throwing
 58975 | Depths:1 | Reached skill level 5 in Throwing
 59309 | Depths:1 | Found Doecw's Distillery.
 59463 | Depths:2 | Reached skill level 13 in Fighting
 59781 | Depths:2 | Reached XP level 22. HP: 134/170 MP: 34/39
 59993 | Depths:2 | Found a one-way gate leading to the halls of Pandemonium.
 59995 | Depths:2 | Acquired the ring of Plog {rC+ Str+6 Dex+3}
 60080 | Depths:2 | Noticed a juggernaut
 60088 | Depths:2 | Killed a juggernaut
 60089 | Depths:2 | Reached skill level 14 in Fighting
 60099 | Depths:2 | Reached skill level 4 in Evocations
 60714 | Depths:3 | Reached skill level 5 in Evocations
 60738 | Depths:3 | Found a corrupted altar of Lugonu.
 60738 | Depths:3 | Found a one-way gate to the infinite horrors of the Abyss.
 60969 | Depths:3 | Found an iron altar of Okawaru.
 60988 | Depths:3 | Reached skill level 6 in Evocations
 61899 | Depths:3 | Identified the +10 morningstar "Dedukhlid" {flame, rC+}
 62086 | Depths:4 | Entered Level 4 of the Depths
 62612 | Depths:4 | Found Pipeam's Book Shop.
 62803 | Depths:4 | Noticed Vv
 62817 | Depths:4 | Killed Vv
 63097 | Depths:3 | Reached skill level 24 in Summonings
 63531 | Depths:4 | Found a one-way gateway to a ziggurat.
 63562 | Depths:4 | Noticed a caustic shrike
 63564 | Depths:4 | Noticed a caustic shrike
 63567 | Depths:4 | Noticed a caustic shrike
 63570 | Depths:4 | Killed a caustic shrike
 63571 | Depths:4 | Noticed a juggernaut
 63571 | Depths:4 | Killed a caustic shrike
 63572 | Depths:4 | Reached skill level 14 in Spellcasting
 63572 | Depths:4 | Killed a caustic shrike
 63582 | Depths:4 | Killed a juggernaut
 63730 | Depths:4 | Noticed a golden dragon
 63738 | Depths:4 | Killed a golden dragon
 63984 | Depths:4 | Reached XP level 23. HP: 170/178 MP: 31/41
 64219 | Depths:4 | Reached skill level 11 in Armour
 64451 | Depths:4 | Found a gate to the Realm of Zot.
 64922 | Vaults:5 | Entered Level 5 of the Vaults
 64923 | Vaults:5 | Noticed an ancient lich
 64935 | Vaults:5 | Noticed Jory
 64937 | Vaults:5 | Killed an ancient lich
 64958 | Vaults:5 | Killed Jory
 65234 | Vaults:5 | Reached skill level 12 in Armour
 65601 | Vaults:5 | Reached skill level 15 in Spellcasting
 65619 | Vaults:5 | Identified the amulet "Xumagyh" {+Inv RegenMP+ Dex+6}
 65722 | Vaults:5 | Identified the ring "Romem" {Fly Dex+2}
 65865 | Vaults:5 | Noticed an ancient lich
 65882 | Vaults:5 | Killed an ancient lich
 65883 | Vaults:5 | Reached skill level 15 in Fighting
 65944 | Vaults:5 | Identified the +4 mace "Awkublim" {vamp, rElec}
 65954 | Vaults:5 | Acquired 623 gold pieces
 66061 | Vaults:5 | Identified the ring of Nuilut {rElec rPois rF- rC++ Will+}
 66076 | Vaults:5 | Identified the ring of Optimism {Fly rElec Int+4}
 66550 | Vaults:5 | Identified the +4 quarterstaff of Qupnel {heavy, *Slow Fly
                  | rPois Int+4}
 66568 | Vaults:5 | Found Hakiq's Antique Weapon Boutique.
 66594 | Vaults:5 | Identified the +1 cloak of the Blind Marksman {Stlth+}
 66862 | Vaults:5 | Got a silver rune of Zot
 66989 | Vaults:5 | Reached skill level 16 in Fighting
 67325 | Zot:1    | Entered Level 1 of the Realm of Zot
 67751 | Zot:3    | Reached skill level 17 in Fighting
 67836 | Zot:3    | Noticed a curse toe
 67840 | Zot:3    | Noticed an orb of fire
 67898 | Zot:5    | Entered Level 5 of the Realm of Zot
 67953 | Zot:5    | Got a prismatic gem with 350 turns to spare
 67969 | Zot:5    | Noticed a dread lich
 67973 | Zot:5    | Noticed a Killer Klown
 67973 | Zot:5    | Noticed a Killer Klown
 67975 | Zot:5    | Noticed a Killer Klown
 67975 | Zot:5    | Noticed a Killer Klown
 67986 | Zot:5    | Noticed an orb of fire
 67986 | Zot:5    | Noticed a Killer Klown
 67986 | Zot:5    | Noticed an ancient lich
 67987 | Zot:5    | Noticed an electric golem
 67991 | Zot:5    | Killed a Killer Klown
 67992 | Zot:5    | Reached XP level 24. HP: 179/197 MP: 42/42
 67992 | Zot:5    | Killed an electric golem
 67993 | Zot:5    | Reached skill level 18 in Fighting
 68051 | Zot:5    | Killed an orb of fire
 68055 | Zot:5    | Noticed a Killer Klown
 68057 | Zot:5    | Noticed a Killer Klown
 68058 | Zot:5    | Killed an ancient lich
 68058 | Zot:5    | Noticed a Killer Klown
 68064 | Zot:5    | Killed a Killer Klown
 68064 | Zot:5    | Noticed an orb of fire
 68070 | Zot:5    | Killed a Killer Klown
 68070 | Zot:5    | Killed a Killer Klown
 68071 | Zot:5    | Killed a Killer Klown
 68078 | Zot:5    | Killed an orb of fire
 68085 | Zot:5    | Noticed a curse toe
 68086 | Zot:5    | Noticed an electric golem
 68095 | Zot:5    | Killed an electric golem
 68095 | Zot:5    | Killed a curse toe
 68099 | Zot:5    | Noticed an orb of fire
 68106 | Zot:5    | Killed an orb of fire
 68107 | Zot:5    | Reached skill level 19 in Fighting
 68128 | Zot:5    | Killed an ancient lich
 68156 | Zot:5    | Killed a Killer Klown
 68186 | Zot:5    | Got the Orb of Zot
 68323 | Zot:4    | Noticed an electric golem
 68325 | Zot:4    | Identified the +4 scale mail "Kiso" {+Inv rElec Dex-5}
 68330 | Zot:4    | Killed an electric golem
 68331 | Zot:4    | Reached skill level 20 in Fighting
 68903 | D:1      | Noticed a seraph
 68915 | D:$      | Escaped with the Orb!

Vanquished Creatures
  A storm dragon (Depths:3)
  2 fenstrider witches (Swamp:4)
  A ghost moth (Spider:4)
  2 deep elf elementalists (Elf:3)
  An ironbound preserver (Vaults:4)
  A bunyip (Swamp:1)
  A spark wasp (Spider:3)
  Azrael (D:13)
  Fannar (D:10)
  4 hydras
  A catoblepas (Lair:4)
  2 ghost crabs
  A boulder beetle (D:13)
  A death knight (D:13)
  6 two-headed ogres
  6 death yaks
  4 tengu warriors
  Urug (D:13)
  2 skysharks
  A skeletal warrior (D:13)
  An orb spider (Spider:3)
  A lindwurm (Vaults:1)
  An orc knight (Orc:1)
  2 wolf spiders
  2 deep elf pyromancers
  A phantasmal warrior (Vaults:5)
  An ugly thing (D:12)
  2 deep elf zephyrmancers
  3 orc sorcerers
  A will-o-the-wisp (Swamp:3)
  Maurice (D:7)
  11 elephants
  3 cyclopes
  2 kobold blastminers
  3 meliai
  2 black mambas
  A smoke demon (Zot:1)
  Maggie (D:10)
  12 cane toads
  4 gargoyles
  3 rime drakes
  2 unseen horrors (D:11)
  4 komodo dragons
  A freezing wraith (D:14)
  A tengu conjurer (D:15)
  3 hornets
  A polar bear (Lair:4)
  4 trolls
  2 tyrant leeches (Swamp:1)
  3 tarantellas
  5 blink frogs
  2 culicivoras (Lair:2)
  6 slime creatures
  2 jumping spiders
  A basilisk (D:9)
  A spriggan (Swamp:1)
  5 wyverns
  10 yaks
  4 steam dragons
  A warg (Orc:2)
  A redback (Spider:4)
  4 vampire mosquitoes
  An acid dragon (D:9)
  4 water moccasins
  Duvessa (D:7)
  10 orc warriors
  4 black bears
  12 wolves
  4 centaurs
  An ogre (D:6)
  3 lemures (D:4)
  2 nameless horrors
  4 bullfrogs
  2 gnoll sergeants (D:8)
  2 scorpions (D:7)
  A wight (D:9)
  8 killer bees
  2 howler monkeys (D:8)
  3 electric eels
  A bombardier beetle (D:5)
  3 orc priests (Orc:1)
  An iguana (D:6)
  4 orc wizards (Orc:1)
  Robin (D:2)
  3 adders (D:3)
  5 gnolls
  A white imp (D:5)
  An ufetubus (D:5)
  2 ribbon worms
  A dart slug (D:1)
  12 orcs
  4 endoplasms
  2 giant cockroaches
  2 hobgoblins
  2 jackals
  3 kobolds
  3 quokkas
  4 ball pythons
  2 bats
  2 frilled lizards
  A rat (D:2)
285 creatures vanquished.

Vanquished Creatures (collateral kills)
  3 orbs of fire (Zot:5)
  3 ancient liches
  Mara (Vaults:4)
  2 juggernauts
  Vv (Depths:4)
  6 Killer Klowns (Zot:5)
  3 caustic shrikes (Depths:4)
  A curse toe (Zot:5)
  6 golden dragons
  2 bone dragons (Depths:4)
  Arachne (Spider:3)
  A Brimstone Fiend (D:15)
  3 electric golems
  A Hell Sentinel (Zot:5)
  6 tentacled monstrosities
  5 liches
  16 Orb Guardians (Zot:5)
  A walking divine tome (Depths:2)
  2 deep elf blademasters (Elf:3)
  2 walking frostbound tomes
  5 titans
  3 deep elf master archers (Elf:3)
  6 quicksilver dragons
  7 sphinxes
  Agnes (Spider:2)
  11 storm dragons
  Kirke (Elf:1)
  3 death cobs
  5 shadow dragons
  A thorn hunter (Swamp:4)
  5 tengu reavers
  2 protean progenitors (Zot:4)
  6 frost giants
  2 fenstrider witches (Swamp:4)
  7 fire giants
  A draconian monk (Zot:2)
  Aizul (Spider:1)
  16 vault wardens
  2 emperor scorpions (Spider:4)
  A draconian knight (Zot:1)
  3 deep elf sorcerers
  5 ghost moths
  A draconian shifter (Zot:2)
  6 deep elf elementalists (Elf:3)
  A balrug (D:15)
  2 draconian scorchers
  13 ironbound preservers
  2 orc warlords (Orc:2)
  14 very ugly things
  A demonspawn blood saint (Zot:1)
  3 ghouls (Swamp:2)
  A reaper (Zot:4)
  A draconian annihilator (Zot:2)
  A formless jellyfish (Vaults:4)
  3 spriggan defenders
  15 stone giants
  4 vampire knights
  3 broodmothers (Spider:3)
  8 green draconians
  3 eleionomae
  5 deep elf death magi
  2 red draconians
  9 deep elf annihilators
  5 black draconians
  7 ironbound thunderhulks
  4 deep elf demonologists (Elf:3)
  5 purple draconians
  8 spark wasps
  4 war gargoyles
  26 dire elephants
  8 white draconians
  6 yellow draconians
  2 blizzard demons
  4 bunyips
  A green death (Swamp:4)
  8 ettins
  12 fire dragons
  12 entropy weavers
  5 crystal guardians
  7 great orbs of eyes
  2 rakshasas
  7 deep elf high priests
  11 yaktaur captains
  3 ghost crabs (Swamp:2)
  8 hydras
  17 vault guards
  9 ice dragons
  8 spriggan air magi
  3 ogre magi
  7 alligators
  A radroach (Spider:1)
  A catoblepas (Lair:5)
  4 jorogumos (Spider:4)
  8 peacekeepers
  10 ironbound frosthearts
  2 boulder beetles
  12 dancing weapons
  5 centaur warriors
  4 two-headed ogres
  5 spriggan berserkers
  A two-headed ogre (shapeshifter) (Vaults:5)
  3 death yaks (Lair:5)
  12 deep troll shamans
  7 deep troll earth magi
  6 tengu warriors
  A vampire mage (Depths:3)
  5 occultists
  2 orc high priests (Orc:2)
  8 hell knights
  9 demonic crawlers
  Sonja (Lair:4)
  11 deep elf knights
  A soul eater (Swamp:4)
  5 iron trolls
  2 sun demons (D:15)
  9 pharaoh ants
  4 goliath frogs
  A sixfirhy (Swamp:4)
  6 arcanists
  7 bog bodies (Swamp:2)
  A sun moth (Spider:4)
  3 spriggan druids (Swamp:4)
  3 swamp dragons
  2 glowing orange brains
  A shadow demon (Zot:5)
  43 deep trolls
  A wolf spider zombie (D:15)
  17 orb spiders
  8 deep elf archers
  6 phantasmal warriors
  6 steelbarb worms
  A steelbarb worm (shapeshifter) (Depths:4)
  7 harpies
  5 thermic dynamos
  18 ironbound convokers
  9 lindwurms
  Pikel (D:4)
  6 orc knights
  24 deep elf pyromancers
  11 deep elf zephyrmancers
  A glowing shapeshifter (Vaults:5)
  7 necromancers
  9 will-o-the-wisps
  A fire giant zombie (Depths:1)
  2 manticores (shapeshifter) (Vaults:5)
  A sphinx simulacrum (Depths:1)
  A cyclops (D:15)
  33 wolf spiders
  2 orc sorcerers
  40 ugly things
  6 elephants
  20 moths of wrath
  A cyclops (shapeshifter) (Vaults:1)
  12 meliai
  2 kobold blastminers (Orc:2)
  An iron dragon skeleton (Depths:1)
  5 spectral spriggans (Swamp:2)
  An elf zombie (Vaults:5)
  A fire giant skeleton (Depths:1)
  22 vault sentinels
  A black mamba (Lair:5)
  3 smoke demons
  4 cane toads
  An orange demon (Swamp:4)
  A gargoyle (D:12)
  5 torpor snails
  A centaur skeleton (D:15)
  2 unseen horrors
  2 tengu conjurers (Depths:3)
  46 yaktaurs
  4 komodo dragons
  3 freezing wraiths
  A redback zombie (D:15)
  An efreet (D:14)
  2 tormentors
  5 trolls
  3 hellwings
  2 polar bears (Lair:5)
  3 bloated husks
  A hornet (shapeshifter) (D:14)
  8 hornets
  34 tarantellas
  6 tyrant leeches
  16 blink frogs
  A glass eye (Depths:3)
  A glass eye (shapeshifter) (Vaults:4)
  Sigmund (D:3)
  3 air elementals
  30 jumping spiders
  9 water elementals
  20 slime creatures
  8 spriggans
  7 fire elementals
  3 wargs
  11 yaks
  28 culicivoras
  9 basilisks
  2 hogs (Elf:1)
  2 steam dragons (D:9)
  2 redback simulacra
  A warg (shapeshifter) (Vaults:5)
  59 redbacks
  10 vampire mosquitoes
  4 chaos spawn (Swamp:4)
  9 swamp worms
  2 acid dragons
  A hell hound (D:13)
  10 water moccasins
  2 ice beasts
  21 orc warriors
  3 black bears
  A laughing skull (D:15)
  2 swamp drakes
  2 boggarts
  3 ogres
  13 centaurs
  11 wolves
  2 phantoms
  3 kobold brigands
  6 bullfrogs
  16 nameless horrors
  A brain worm (shapeshifter) (Vaults:5)
  2 human skeletons (Vaults:5)
  2 gnoll sergeants
  4 earth elementals
  5 wights
  Dowan (D:7)
  4 killer bees
  5 howler monkeys
  A bombardier beetle (D:7)
  A hound (D:7)
  2 jellies
  18 orc priests
  A sleepcap (D:6)
  An iguana (D:5)
  24 orc wizards
  A boggart zombie (D:15)
  6 hell rats (Lair:4)
  A boggart simulacrum (D:15)
  6 adders
  9 gnolls
  3 white imps
  An ufetubus (D:5)
  4 dart slugs
  2 ribbon worms (D:2)
  64 orcs
  4 ball pythons
  4 endoplasms
  6 giant cockroaches
  8 goblins
  7 hobgoblins
  4 jackals
  5 quokkas
  3 bats
  4 frilled lizards
  21 kobolds
  3 rats
  2 aspiring fleshes (Zot:4)
  A spectral weapon (Depths:3)
1665 creatures vanquished.

Vanquished Creatures (others)
  A dread lich (Zot:5)
  An ancient lich (Vaults:5)
  A Killer Klown (Zot:5)
  Jory (Vaults:5)
  4 tentacled monstrosities
  9 Orb Guardians (Zot:5)
  A sphinx (Vaults:5)
  A tengu reaver (Vaults:5)
  2 shadow dragons
  A storm dragon (Zot:3)
  A fire giant (Vaults:5)
  A draconian monk (Zot:5)
  A deep elf sorcerer (Vaults:5)
  A draconian shifter (Zot:5)
  2 vault wardens (Vaults:5)
  2 draconian scorchers
  2 draconian annihilators
  3 ironbound preservers (Vaults:5)
  2 draconian stormcallers
  4 green draconians
  4 yellow draconians
  6 black draconians
  A deep elf demonologist (Vaults:5)
  A red draconian (Zot:5)
  5 white draconians
  3 purple draconians
  2 war gargoyles (Vaults:5)
  4 ettins (Vaults:5)
  2 yaktaur captains (Vaults:5)
  13 vault guards (Vaults:5)
  An ogre mage (Vaults:5)
  2 two-headed ogres (Vaults:5)
  A deep elf knight (Elf:2)
  A spriggan druid (Swamp:2)
  2 orb spiders
  A phantasmal warrior (Vaults:5)
  A mana viper (shapeshifter) (Vaults:5)
  2 moths of wrath (Zot:2)
  An orange demon (Swamp:4)
  4 yaktaurs
  4 bloated husks
  A hellwing (Zot:1)
  A snapping turtle (shapeshifter) (Vaults:5)
  2 water elementals
  A spriggan (Swamp:1)
  A redback (Vaults:3)
  An orc wizard (Orc:2)
  An aspiring flesh (Zot:4)
  150 blazeheart cores
  25 foxfires
285 creatures vanquished.

Grand Total: 2235 creatures vanquished

Table legend: (Time is in decaauts)
 A = Elapsed time spent in this place.
 B = Non-inter-level travel time spent in this place.
 C = Inter-level travel time spent in this place.
 D = Time resting spent in this place.
 E = Time spent auto-exploring this place.
 F = Levels seen in this place.
 G = Mean time per level.
                   A        B        C        D        E       F      G
               +--------+--------+--------+--------+--------+-----+--------+
         Total |  69202 |  63574 |   5628 |  12962 |  34254 |  49 | 1412.3 |
       Dungeon |  21219 |  18770 |   2449 |   2574 |  11923 |  15 | 1414.6 |
        Temple |     26 |     13 |     13 |      0 |      0 |   1 |   26.0 |
          Lair |   6919 |   6137 |    782 |   1431 |   3172 |   5 | 1383.8 |
         Swamp |   6120 |   5812 |    308 |   1531 |   2778 |   4 | 1530.0 |
   Spider Nest |   9876 |   9193 |    683 |   2387 |   4560 |   4 | 2469.0 |
  Orcish Mines |   2929 |   2748 |    181 |    688 |   1332 |   2 | 1464.5 |
   Elven Halls |   5296 |   5143 |    153 |   1238 |   2597 |   3 | 1765.3 |
        Vaults |   9274 |   8799 |    475 |   1489 |   4777 |   5 | 1854.8 |
        Depths |   6365 |   5958 |    407 |   1431 |   3082 |   4 | 1591.2 |
           Zot |   1143 |    970 |    173 |    192 |     19 |   5 |  228.6 |
        Bazaar |     28 |     28 |      0 |      0 |     12 |   1 |   28.0 |
               +--------+--------+--------+--------+--------+-----+--------+

Top non-repeatable levels by time:
Spider:4: 3331 daAuts
Spider:3: 3185 daAuts
 Swamp:2: 2557 daAuts
Spider:2: 2368 daAuts
  Lair:5: 2227 daAuts
     D:7: 2188 daAuts
   Elf:1: 2150 daAuts
Vaults:5: 2105 daAuts
Depths:3: 2019 daAuts
 Swamp:4: 2018 daAuts
     D:8: 2009 daAuts
Vaults:4: 1994 daAuts
    D:13: 1857 daAuts
Vaults:1: 1854 daAuts
   Orc:1: 1810 daAuts

Table legend:
 A = Non-vault XP
 B = Vault XP
 C = Vault XP percentage of total XP
 D = Non-vault monster count
 E = Vault monster count
 F = Vault count percentage of total count
                 A         B        C        D         E       F
            +---------+---------+-------+---------+---------+-------
      Total |  598223 |  465444 |  43.8 |    1307 |     629 |  32.5
            +---------+---------+-------+---------+---------+-------
        D:1 |      39 |       0 |   0.0 |      24 |       0 |   0.0
        D:2 |     102 |      54 |  34.6 |      23 |      19 |  45.2
        D:3 |     343 |     288 |  45.6 |      28 |      16 |  36.4
        D:4 |      93 |     617 |  86.9 |      21 |       1 |   4.5
        D:5 |     540 |       0 |   0.0 |      18 |       0 |   0.0
        D:6 |     687 |       0 |   0.0 |      10 |       0 |   0.0
        D:7 |    1264 |     726 |  36.5 |      19 |       3 |  13.6
        D:8 |    1795 |    3053 |  63.0 |      18 |      21 |  53.8
        D:9 |    1535 |    1203 |  43.9 |      11 |       6 |  35.3
       D:10 |    2218 |    1434 |  39.3 |      20 |       8 |  28.6
       D:11 |    4702 |       0 |   0.0 |      19 |       0 |   0.0
       D:12 |    5107 |       0 |   0.0 |      19 |       0 |   0.0
       D:13 |   10401 |    3952 |  27.5 |      20 |       7 |  25.9
       D:14 |   11562 |       0 |   0.0 |      26 |       0 |   0.0
       D:15 |    6119 |    7755 |  55.9 |      17 |      16 |  48.5
     Lair:1 |    9260 |       0 |   0.0 |      23 |       0 |   0.0
     Lair:2 |    4753 |     882 |  15.7 |      17 |       4 |  19.0
     Lair:3 |    4849 |     332 |   6.4 |      22 |       2 |   8.3
     Lair:4 |   10845 |    2527 |  18.9 |      43 |       5 |  10.4
     Lair:5 |   11295 |   11280 |  50.0 |      40 |      23 |  36.5
    Swamp:1 |    7588 |       0 |   0.0 |      21 |       0 |   0.0
    Swamp:2 |    8846 |   14017 |  61.3 |      20 |      22 |  52.4
    Swamp:3 |   14441 |    3694 |  20.4 |      25 |       7 |  21.9
    Swamp:4 |    9819 |   23343 |  70.4 |      12 |      37 |  75.5
   Spider:1 |   12920 |    1264 |   8.9 |      43 |       1 |   2.3
   Spider:2 |   23811 |    1470 |   5.8 |      60 |       1 |   1.6
   Spider:3 |   29121 |    7295 |  20.0 |      62 |       8 |  11.4
   Spider:4 |   24563 |   30170 |  55.1 |      56 |      55 |  49.5
      Orc:1 |    4610 |    1471 |  24.2 |      57 |       4 |   6.6
      Orc:2 |    5183 |   10064 |  66.0 |      35 |      32 |  47.8
      Elf:1 |    6891 |   11190 |  61.9 |      13 |      17 |  56.7
      Elf:2 |   11767 |    3320 |  22.0 |      22 |       4 |  15.4
      Elf:3 |   11354 |   41232 |  78.4 |      19 |      38 |  66.7
   Vaults:1 |   14764 |   13451 |  47.7 |      22 |      24 |  52.2
   Vaults:2 |   42478 |   11828 |  21.8 |      59 |      16 |  21.3
   Vaults:3 |   23920 |   31065 |  56.5 |      36 |      44 |  55.0
   Vaults:4 |   30692 |   34317 |  52.8 |      44 |      36 |  45.0
   Vaults:5 |   15113 |   67892 |  81.8 |      27 |      65 |  70.7
   Depths:1 |   35962 |    4367 |  10.8 |      45 |       6 |  11.8
   Depths:2 |   20229 |   27596 |  57.7 |      23 |      23 |  50.0
   Depths:3 |   39896 |   20765 |  34.2 |      52 |      18 |  25.7
   Depths:4 |   37923 |   20757 |  35.4 |      30 |      14 |  31.8
      Zot:1 |   12676 |       0 |   0.0 |      13 |       0 |   0.0
      Zot:2 |   21145 |       0 |   0.0 |      21 |       0 |   0.0
      Zot:3 |   11078 |       0 |   0.0 |      13 |       0 |   0.0
      Zot:4 |   13814 |       0 |   0.0 |      12 |       0 |   0.0
      Zot:5 |   20110 |   50773 |  71.6 |      27 |      26 |  49.1
            +---------+---------+-------+---------+---------+-------
